Map: Disco Bloodbath LE

Players

HellraiseR

  • Race: Protoss Protoss
  • Spawn Location: 9:00

soO - Winner!

  • Race: Zerg Zerg
  • League: Master
  • Spawn Location: 3:00

Event: HomeStory Cup XX

VOD

Have the link to the VOD?

Description

Time

  • Played on: Nov. 22, 2019, 7:18 a.m.
  • Length: 8:59

All games in this series

Show
View Real Time Build Order
Export as new Build Order

HellraiseR Protoss 

Build Orders: Oracle Opening, Phoenix Opening, Chargelot Immortal 

Get SALT Encoding   

  12  0:01  Probe  
  13  0:13  Probe  
  14  0:20  Pylon  
  14  0:25  Probe  
  15  0:35  Probe  
  15  0:39  Gateway  
  16  0:43  Probe  
  17  0:50  Assimilator  
  17  0:53  Probe  
  18  1:05  Probe  
  19  1:17  Zealot  
  19  1:18  Probe  
  20  1:28  Cybernetics Core  
  20  1:30  Probe  
  20  1:32  Pylon  
  23  1:50  Probe  
  24  2:02  Adept  
  24  2:05  Probe  
  27  2:15  Nexus  
  27  2:21  Assimilator  
  27  2:24  Probe  
  27  2:25  Adept  
  28  2:36  Probe  
  31  2:45  Stargate  
  31  2:51  Pylon, Warp Gate  
  31  3:09  Probe  
  32  3:20  Phoenix  
  32  3:21  Probe  
  32  3:25  Probe  
  33  3:33  Probe x2  
  37  3:39  Gateway  
  38  3:41  Probe  
  38  3:45  Probe  
  38  3:46  Oracle  
  43  3:53  Probe  
  44  3:56  Assimilator  
  44  3:57  Probe  
  44  3:58  Assimilator  
  44  4:01  Pylon  
  45  4:06  Probe  
  45  4:09  Probe  
  47  4:12  Oracle  
  47  4:18  Probe  
  47  4:22  Probe  
  50  4:30  Pylon, Probe  
  51  4:34  Probe  
  50  4:39  Shield Battery, Adept, Zealot  
  50  4:41  Oracle  
  50  4:42  Probe  
  55  4:46  Probe, Robotics Facility  
  59  4:54  Probe  
  59  4:58  Probe  
  61  5:04  Pylon  
  61  5:06  Probe  
  62  5:08  Forge, Twilight Council  
  62  5:17  Pylon  
  62  5:22  Probe x2  
  60  5:35  Adept x2  
  60  5:37  Observer, Probe x2  
  60  5:42  Protoss Ground Weapons Level 1  
  67  5:45  Charge  
  67  5:49  Probe  
  68  5:51  Immortal  
  67  5:58  Adept x2  
  67  5:59  Gateway x2  
  67  6:01  Probe  
  73  6:15  Probe  
  72  6:20  Adept x2  
  72  6:23  Probe  
  76  6:30  Templar Archives  
  77  6:39  Nexus  
  76  6:40  Pylon  
  76  6:49  Pylon, Immortal  
  76  6:52  Gateway  
  76  6:56  Gateway  
  76  6:58  Probe  
  76  6:59  Probe  
  82  7:09  Gateway x2  
  82  7:10  Probe  
  82  7:11  Probe  
  81  7:16  Gateway  
  81  7:19  Sentry x3  
  81  7:22  Stalker  
  89  7:24  Probe  
  90  7:34  Immortal  
  90  7:35  Probe  
  89  7:44  Photon Cannon  
  89  7:48  Pylon, Probe  
  90  7:52  High Templar  
  90  7:55  High Templar  
  94  7:59  Archon  
  94  8:00  Zealot x2  
  94  8:06  Zealot x3  
  94  8:11  Immortal, Zealot  
  87  8:21  Sentry x2  
  87  8:22  Sentry  
  87  8:26  Zealot x3  
  97  8:28  Sentry  
  97  8:40  Zealot x2  
  95  8:44  Probe x2  
  81  8:52  Zealot x6  
  81  8:53  Zealot  
Show
View Real Time Build Order
Export as new Build Order

soO Zerg - Winner!

Build Orders: 3 Hatch before Pool, Roach Hydra 

Get SALT Encoding   

  12  0:00  Drone  
  13  0:12  Overlord  
  13  0:16  Drone  
  14  0:30  Drone x2  
  14  0:35  Drone  
  17  0:52  Hatchery  
  17  0:55  Drone  
  17  1:15  Hatchery  
  17  1:18  Drone  
  17  1:22  Drone  
  18  1:33  Extractor  
  18  1:37  Spawning Pool  
  18  1:39  Drone  
  17  1:42  Drone  
  18  1:47  Drone  
  18  1:51  Drone  
  20  2:05  Drone x2  
  23  2:09  Hatchery  
  23  2:15  Drone  
  23  2:19  Drone  
  24  2:26  Queen  
  24  2:27  Queen  
  28  2:32  Overlord  
  28  2:43  Drone  
  28  2:45  Metabolic Boost  
  29  2:51  Drone x4  
  29  2:57  Zergling x2  
  29  2:58  Zergling x2  
  34  3:06  Overlord  
  34  3:09  Zergling x2  
  35  3:16  Zergling x2  
  36  3:21  Queen  
  36  3:23  Zergling x4  
  40  3:28  Queen  
  40  3:29  Overlord  
  40  3:33  Drone  
  40  3:34  Drone  
  44  3:36  Drone x2  
  46  3:42  Overlord  
  46  3:43  Drone x2  
  46  3:44  Drone  
  49  3:51  Overlord  
  49  3:52  Drone  
  49  3:54  Drone  
  51  3:56  Queen  
  51  4:01  Drone  
  54  4:03  Drone  
  54  4:04  Drone  
  54  4:05  Spore Crawler  
  55  4:14  Drone x2  
  55  4:16  Spore Crawler  
  56  4:20  Zergling x8  
  56  4:23  Spore Crawler  
  59  4:26  Drone x4  
  59  4:28  Drone x2  
  59  4:29  Drone  
  65  4:32  Drone  
  65  4:36  Drone  
  65  4:40  Extractor, Lair  
  65  4:43  Overlord  
  64  4:46  Overlord  
  64  4:47  Extractor  
  64  4:48  Extractor  
  64  4:52  Drone x4  
  64  4:53  Drone  
  65  5:01  Roach Warren  
  65  5:03  Drone x4  
  65  5:06  Drone  
  69  5:10  Drone x2  
  71  5:14  Drone x3  
  71  5:16  Extractor, Queen  
  71  5:21  Drone  
  76  5:26  Spore Crawler, Drone x3  
  76  5:27  Drone x2  
  80  5:31  Zergling x6  
  81  5:36  Overlord  
  81  5:40  Glial Reconstitution, Drone  
  82  5:45  Overlord  
  82  5:46  Hydralisk Den, Overlord  
  81  5:53  Overlord  
  81  5:54  Drone  
  81  5:55  Drone  
  81  5:56  Drone  
  82  5:57  Drone  
  82  5:58  Evolution Chamber, Drone, Overlord  
  82  6:04  Overlord  
  82  6:05  Overlord  
  82  6:07  Overlord  
  81  6:15  Hydralisk x5  
  90  6:22  Grooved Spines  
  90  6:24  Hydralisk x2  
  93  6:29  Zerg Missile Weapons Level 1  
  93  6:34  Hydralisk x4  
  101  6:48  Hydralisk x6  
  101  6:51  Overlord  
  113  6:54  Overlord  
  113  6:55  Overlord  
  113  7:05  Hydralisk x2  
  113  7:06  Hydralisk x3  
  113  7:07  Roach  
  125  7:18  Roach  
  125  7:19  Roach x2  
  131  7:23  Overseer  
  131  7:26  Roach x4  
  139  7:30  Hatchery  
  137  7:39  Muscular Augments  
  137  7:40  Extractor, Drone x2  
  137  7:43  Infestation Pit, Drone  
  137  7:44  Drone x4  
  142  7:48  Overseer  
  142  7:49  Pneumatized Carapace  
  142  7:51  Drone x3  
  142  7:52  Drone  
  146  8:00  Overlord  
  142  8:06  Roach x7  
  142  8:21  Zergling x14  
  145  8:29  Ravager x2  
  145  8:31  Zergling x14  
  154  8:37  Drone x2  
  154  8:38  Extractor  
  149  8:43  Lurker Den  
Tags
 
Add a new tag
Caveats
  • Supply blocks, unpowered buildings, or Contaminate may cause inaccurate times.
  • Supply counts are checked every 10 seconds.